 Dungeon Crawl Stone Soup version 0.27.0-1-g7a089689b8 (console) character file.

Game seed: 13089677834073295542

21 jejorda2 the Sneak (level 2, -2/20 HPs)
             Began as a Ghoul Enchanter on July 31, 2021.
             Slain by a rat (3 damage)
             ... on level 1 of the Dungeon.
             The game lasted 00:03:24 (1090 turns).

jejorda2 the Sneak (Ghoul Enchanter)                Turns: 1090, Time: 00:03:24

Health: -2/20      AC:  4    Str: 11    XL:     2   Next: 87%
Magic:  3/3        EV: 11    Int: 10    God:
Gold:   9          SH:  0    Dex:  9    Spells: 3/4 levels left

rFire    . . .     SeeInvis .     - Unarmed
rCold    + . .     Faith    .   (no shield)
rNeg     + + +     Spirit   .   n - +0 leather armour
rPois    ∞         Reflect  .   (no helmet)
rElec    .         Harm     .   (no cloak)
rCorr    .         Rampage  .   (no gloves)
Will     .....                  i - +0 pair of boots
Stlth    ++........             (no amulet)
HPRegen  0.00/turn              (no ring)
MPRegen  0.08/turn              (no ring)

@: inhibited regen
A: claws 1, cold resistance 1, negative energy resistance 3, inhibited
regeneration, torment resistance 2
a: no special abilities


You were on level 1 of the Dungeon.
You visited 1 branch of the dungeon, and saw 2 of its levels.

You collected 9 gold pieces.

Inventory:

Hand Weapons
 a - a +1 dagger
Missiles
 g - 42 stones (quivered)
Armour
 i - a +0 pair of boots (worn)
 n - a +0 leather armour (worn)
Jewellery
 l - a ring of ice
Scrolls
 e - a scroll of immolation {unknown}
Potions
 c - a potion of flight {unknown}
 d - a potion of resistance {unknown}
 f - a potion of brilliance {unknown}
 h - a potion of berserk rage {unknown}
 j - a potion of heal wounds {unknown}
 k - a potion of curing {unknown}
 m - a potion of degeneration {unknown}


   Skills:
 - Level 0.8 Short Blades
 - Level 1.7 Dodging
 - Level 3.2 Stealth
 + Level 2.6 Unarmed Combat
 - Level 1.7 Spellcasting
 - Level 2.4 Hexes


You had 3 spell levels left.
You knew the following spells:

 Your Spells              Type           Power      Damage    Failure   Level
a - Corona                Hex            5%         N/A       16%         1

Your spell library contained the following spells:

 Spells                   Type           Power      Damage    Failure   Level
 Ensorcelled Hibernation  Hex/Ice        6%         N/A       36%         2
 Confusing Touch          Hex            5%         N/A       43%         3
 Tukima's Dance           Hex            5%         N/A       43%         3
 Dazzling Flash           Conj/Hex       6%         N/A       61%         3
 Iskenderun's Mystic Bla  Conj/Tloc      0%         2d3       99%         4
 Starburst                Conj/Fire      0%         8x6d3     100%        6


Dungeon Overview and Level Annotations

Branches:
Dungeon (2/15)

Altars:


Innate Abilities, Weirdness & Mutations

You thrive by killing the living.
You are immune to poison.
You have sharp fingernails.
Your flesh is cold resistant. (rC+)
You are immune to negative energy. (rN+++)
You do not regenerate when monsters are visible.
You are immune to unholy pain and torment.


Message History

The hobgoblin is moderately wounded.
The hobgoblin hits you.
You are too injured to fight recklessly!
You are too injured to fight recklessly!
You are too injured to fight recklessly!
You completely miss the hobgoblin.
The hobgoblin is moderately wounded.
The hobgoblin closely misses you.
You scratch the hobgoblin but do no damage.
Your claw misses the hobgoblin.
The hobgoblin is moderately wounded.
The hobgoblin barely misses you.
You closely miss the hobgoblin.
The hobgoblin is moderately wounded.
The rat bites you. The hobgoblin misses you.
You barely miss the hobgoblin.
The hobgoblin is moderately wounded.
The rat bites you.
You scratch the hobgoblin.
The hobgoblin is severely wounded.
The hobgoblin barely misses you. The rat bites you.
* * * LOW HITPOINT WARNING * * *
You closely miss the hobgoblin.
The hobgoblin is severely wounded.
The hobgoblin hits you but does no damage.
The rat bites you but does no damage.
You scratch the hobgoblin but do no damage.
The hobgoblin is heavily wounded.
The hobgoblin hits you.
* * * LOW HITPOINT WARNING * * *
You scratch the hobgoblin but do no damage.
The hobgoblin is heavily wounded.
The rat bites you but does no damage. The hobgoblin closely misses you.
You barely miss the hobgoblin. You claw the hobgoblin.
The hobgoblin is severely wounded.
The rat bites you.
* * * LOW HITPOINT WARNING * * *
The hobgoblin barely misses you. The rat bites you.
You die...

. #..........#....# ... #######
##.........(.#... .... #.....#
#..........##.... .....#.....##
#..............#.
.......[....###................
######...)...##.............###
....###..##..#..........##
#..........gr........##
#..........@##.....|.#
##..........>..#.?..##
######...........#......#
##.......................#
#..####...................
........................
.######................. ..#
........?........ ....
.....>...........


You could see a hobgoblin and a rat.

Vanquished Creatures
  An adder skeleton (D:2)
  2 bats (D:1)
  2 endoplasms
  A giant cockroach (D:1)
  A goblin (D:2)
  2 hobgoblins
  A quokka (D:1)
  A ball python (D:2)
  A frilled lizard (D:2)
  3 kobolds
  2 rats (D:2)
17 creatures vanquished.

Notes
Turn   | Place    | Note
-------+----------+-------------------------------------------
     0 | D:1      | jejorda2 the Ghoul Enchanter began the quest for the Orb.
     0 | D:1      | Reached XP level 1. HP: 14/14 MP: 2/2
   274 | D:2      | Reached skill level 1 in Unarmed Combat
   281 | D:2      | Reached XP level 2. HP: 9/20 MP: 1/3
  1083 | D:1      | HP: 1/20 [rat (2)]
  1090 | D:1      | Slain by a rat

Illustrated notes

Levels and vault maps discovered:
D:1:      minmay_arrival_five_plusses, layout_rooms,
          hellmonk_ecumenical_altar_inner_sanctum
D:2:      layout_basic

Skill      XL: |  1  2 |
---------------+-------+-----
Unarmed Combat | 1 2 |  2.6
Short Blades   | |  0.8
Dodging        | |  1.7
Stealth        | |  3.2
Spellcasting   | |  1.7
Hexes          | |  2.4

Action                   || total
-------------------------++-------
Melee: Dagger            ||    32
       Unarmed           ||    50
       Punch             ||     1
Throw: Stone             ||     5
 Cast: Corona            ||     5
 Stab: Sleeping          ||     2
Armor: Robe              ||    13
       Leather armour    ||     4
Dodge: Dodged            ||    45
